 Dungeon Crawl Stone Soup version 0.28-a0-518-g36894cfc38 (webtiles) character file.

Game seed: 17702335619055297163

1510 Mirvelgyr the Cleaver (level 8, -1/70 HPs)
             Began as a Minotaur Berserker on Sept 23, 2021.
             Was a Priest of Trog.
             Slain by hemabe71's ghost (4 damage)
             ... on level 3 of the Dungeon.
             The game lasted 00:15:42 (4760 turns).

Mirvelgyr the Cleaver (Minotaur Berserker)          Turns: 4760, Time: 00:15:42

Health: -1/70      AC: 10    Str: 22    XL:     8   Next: 53%
Magic:  7/7        EV:  9    Int:  4    God:    Trog [***...]
Gold:   360        SH:  0    Dex: 12    Spells: 7/7 levels left

rFire   . . .      SeeInvis .   a - +0 hand axe
rCold   . . .      Faith    .   (no shield)
rNeg    . . .      Spirit   .   y - +0 chain mail
rPois   .          Reflect  .   (helmet restricted)
rElec   .          Harm     .   (no cloak)
rCorr   .          Rampage  .   f - +0 pair of gloves
Will    .....                   (no boots)
Stlth   ..........              (no amulet)
HPRegen 0.21/turn               (no ring)
MPRegen 0.10/turn               (no ring)

@: on berserk cooldown, slowed, very slow
A: horns 2, retaliatory headbutt
a: Renounce Religion, Berserk, Trog's Hand


You were on level 3 of the Dungeon.
You worshipped Trog.
Trog was most pleased with you.
You visited 1 branch of the dungeon, and saw 6 of its levels.

You collected 360 gold pieces.

Inventory:

Hand Weapons
 a - a +0 hand axe (weapon)
Missiles
 w - a throwing net (quivered)
Armour
 f - a +0 pair of gloves (worn)
 y - a +0 chain mail (worn)
Jewellery
 m - an amulet of regeneration
 s - a +6 ring of intelligence
 t - a +6 ring of dexterity
Wands
 p - a wand of digging (6)
 v - a wand of flame (15)
Scrolls
 c - a scroll of holy word {unknown}
 e - a scroll of enchant armour {unknown}
 l - a scroll of amnesia {unknown}
 n - a scroll of fog {unknown}
 r - a scroll of identify {unknown}
 u - a scroll of noise {unknown}
 x - a scroll of magic mapping {unknown}
Potions
 b - 3 potions of brilliance {unknown}
 d - a potion of haste {unknown}
 g - 2 potions of curing {unknown}
 h - 2 potions of might {unknown}
 i - a potion of experience {unknown}
 j - a potion of cancellation {unknown}
 k - a potion of degeneration {unknown}
 o - a potion of attraction {unknown}
 q - 2 potions of resistance {unknown}


   Skills:
 + Level 5.9 Fighting
 * Level 11.0 Axes
 + Level 4.6 Armour
 + Level 4.2 Dodging
 - Level 0.1 Stealth


You had 7 spell levels left.
You didn't know any spells.
Your spell library was empty.

Dungeon Overview and Level Annotations

Branches:
Dungeon (6/15)
 Temple: D:4-7

Altars:
Qazlal

Portals:
Abyss: D:3

Annotations:
D:3 1 transporter, hemabe71's ghost, amateur HuAr


Innate Abilities, Weirdness & Mutations

You have a pair of horns on your head.
You reflexively headbutt those who attack you in melee.


Message History

You feel a strong urge to attack something.
You see here a +0 falchion.
You slash the small abomination!
The small abomination is heavily damaged.
Your chain mail prevents you from hitting the small abomination.
The small abomination is heavily damaged.
You are no longer berserk.
You are exhausted.
You feel yourself slow down. The small abomination hits you!
You are too injured to fight recklessly!
You are too injured to fight recklessly!
You hit the small abomination but do no damage.
You headbutt the small abomination!
The small abomination is severely damaged.
The small abomination hits you but does no damage.
You hit the small abomination but do no damage.
The small abomination is severely damaged.
You hit hemabe71's ghost but do no damage.
Hemabe71's ghost closely misses you. You furiously retaliate!
You headbutt hemabe71's ghost.
The small abomination barely misses you.
You slash the small abomination!
You destroy the small abomination!
Trog accepts your kill.
You hit hemabe71's ghost but do no damage.
Hemabe71's ghost hits you but does no damage.
Hemabe71's ghost hits you. Hemabe71's ghost freezes you.
* * * LOW HITPOINT WARNING * * *
Your Axes skill increases to level 11!
Hemabe71's ghost hits you!
* * * LOW HITPOINT WARNING * * *
Hemabe71's ghost freezes you.
* * * LOW HITPOINT WARNING * * *
You are too injured to fight recklessly!
You barely miss hemabe71's ghost.
Hemabe71's ghost is lightly damaged.
Hemabe71's ghost hits you!
* * * LOW HITPOINT WARNING * * *
Hemabe71's ghost freezes you.
You die...

#..##...#..#..♣..#...##.#
#..#..#..##♣..♣#.##...#.#
#..##...###...##..#.#.#.#
#...##..#....##.##♣.#...# #
##..##..##©####.##♣.##..# #
#.###.#.###...♣##..##..#####
#.#$.#∩^.©.#..#©..####>.....
#.##.^.#)#.W#.##..## #######
#..##.#...)@:..##..#
##..#.#..######.##.# ######
#.##...♣#..# .#.#.# #.....
#.#.©###...###K##.# #.####
#.####.......###..####.##..
#......####...............#
###...............######...
################# #.## #.#.


You could see hemabe71's ghost.

Vanquished Creatures
  3 water moccasins (D:5)
  A black bear (D:5)
  An ogre (D:5)
  2 necrophages (D:5)
  A centaur (D:6)
  A phantom (D:5)
  3 small abominations (D:3)
  A kobold brigand (D:3)
  A scorpion (D:5)
  2 hounds
  A jelly (D:4)
  2 iguanas
  An orc wizard (D:6)
  A hound zombie (D:5)
  4 gnolls (D:3)
  4 adders
  A white imp (D:4)
  2 ufetubi
  A worm (D:2)
  4 dart slugs
  12 orcs
  4 ball pythons
  2 bats
  8 endoplasms
  2 giant cockroaches
  3 goblins
  4 hobgoblins
  15 jackals
  3 quokkas
  3 frilled lizards
  13 kobolds
  6 rats
112 creatures vanquished.

Notes
Turn   | Place    | Note
-------+----------+-------------------------------------------
     0 | D:1      | Mirvelgyr the Minotaur Berserker began the quest for the
                  | Orb.
     0 | D:1      | Reached XP level 1. HP: 19/19 MP: 0/0
   155 | D:1      | Reached skill level 4 in Axes
   155 | D:1      | Reached XP level 2. HP: 11/27 MP: 1/1
   950 | D:1      | Reached XP level 3. HP: 34/34 MP: 2/2
  1042 | D:1      | Reached ** piety under Trog
  1453 | D:2      | Reached skill level 5 in Axes
  1453 | D:2      | Reached XP level 4. HP: 34/41 MP: 3/3
  2267 | D:3      | Found a transporter.
  2270 | D:3      | Noticed a small abomination
  2274 | D:3      | Noticed hemabe71's ghost (amateur HuAr)
  2300 | D:3      | Noticed a small abomination
  2310 | D:3      | Found a one-way gate to the infinite horrors of the Abyss.
  2331 | D:3      | Noticed a kobold brigand
  2337 | D:3      | Found a transporter.
  2648 | D:3      | Reached skill level 6 in Axes
  2651 | D:3      | Reached XP level 5. HP: 47/47 MP: 4/4
  2739 | D:3      | Found a stormy altar of Qazlal.
  2788 | D:3      | Found a faded altar of an unknown god.
  3031 | D:4      | Reached *** piety under Trog
  3143 | D:4      | Reached skill level 7 in Axes
  3250 | D:4      | Reached XP level 6. HP: 49/53 MP: 5/5
  3451 | D:5      | Entered Level 5 of the Dungeon
  3458 | D:5      | Reached skill level 8 in Axes
  3491 | D:5      | Noticed a water moccasin
  3501 | D:5      | Killed a water moccasin
  3502 | D:5      | Reached skill level 9 in Axes
  3502 | D:5      | Reached XP level 7. HP: 30/60 MP: 6/6
  3809 | D:5      | Reached skill level 10 in Axes
  3880 | D:5      | Reached skill level 5 in Fighting
  3960 | D:5      | Reached XP level 8. HP: 43/68 MP: 7/7
  4759 | D:3      | Reached skill level 11 in Axes
  4760 | D:3      | HP: 3/70 [hemabe71's ghost (7)]
  4760 | D:3      | Slain by hemabe71's ghost

Illustrated notes

Levels and vault maps discovered:
D:1:      dpeg_arrival_lava_temple_mockup, layout_loops_ring
D:2:      layout_basic
D:3:      layout_basic, nicolae_qazlal_eye_of_the_storm, serial_curves,
          eino_curves_04, eino_curves_01, gammafunk_ghost_abyssal_escape,
          basic_ecumenical_altar
D:4:      layout_cave_pools
D:5:      layout_loops_cross
D:6:      layout_loops_cross, grunt_decor_resistance

Skill      XL: |  1  2  3  4  5  6  7  8 |
---------------+-------------------------+-----
Axes           | 4 5 6 7 9 10 11 | 11.0
Fighting       | 4 5 |  5.9
Armour         | 3 4 |  4.6
Dodging        | 3 4 |  4.2
Stealth        | |  0.1

Action                   |  1- 3 |  4- 6 |  7- 9 || total
-------------------------+-------+-------+-------++-------
Melee: Hand axe          |    71 |   112 |    76 ||   259
       Headbutt          |    10 |    19 |    19 ||    48
Invok: Berserk           |     2 |     3 |     2 ||     7
       Trog's Hand       |     1 |     2 |     1 ||     4
Armor: Animal skin       |     8 |       |       ||     8
       Ring mail         |    10 |    24 |     6 ||    40
       Leather armour    |     1 |       |       ||     1
       Chain mail        |       |       |     9 ||     9
Dodge: Dodged            |    39 |    59 |    31 ||   129

Table legend: (Time is in decaauts)
 A = Elapsed time spent in this place.
 B = Non-inter-level travel time spent in this place.
 C = Inter-level travel time spent in this place.
 D = Time resting spent in this place.
 E = Time spent auto-exploring this place.
 F = Levels seen in this place.
 G = Mean time per level.
                   A        B        C        D        E       F      G
               +--------+--------+--------+--------+--------+-----+--------+
         Total |   4804 |   4562 |    242 |    274 |   3596 |   6 |  800.7 |
       Dungeon |   4804 |   4562 |    242 |    274 |   3596 |   6 |  800.7 |
               +--------+--------+--------+--------+--------+-----+--------+

Top non-repeatable levels by time:
     D:5: 1199 daAuts
     D:1: 1146 daAuts
     D:3: 927 daAuts
     D:2: 914 daAuts
     D:4: 556 daAuts
     D:6: 61 daAuts
